 Dungeon Crawl Stone Soup version 0.31-a0-801-gc67433417a (webtiles) character file.

Game seed: 17595726649192149953

514 Essalna the Conjurer (level 7, 46/46 HPs)
             Began as a Demonspawn Conjurer on Sept 20, 2023.
             Got out of the dungeon alive.
             The game lasted 00:06:49 (4698 turns).

Essalna the Conjurer (Demonspawn Conjurer)          Turns: 4698, Time: 00:06:49

Health: 46/46      AC:  4    Str:  8    XL:     7   Next: 0%
Magic:  14/14      EV: 12    Int: 21    God:
Gold:   185        SH:  0    Dex: 11    Spells: 13/16 levels left

rFire   . . .        e - +0 dagger
rCold   . . .        (no shield)
rNeg    . . .        a - +0 robe
rPois   .            (no helmet)
rElec   .            u - scarf {repulsion}
rCorr   .            d - +0 pair of gloves
SInv    .            m - +0 pair of boots
Will    .....        r - amulet of regeneration
Stlth   ++           (no ring)
HPRegen 1.07/turn    (no ring)
MPRegen 0.14/turn

%: repel missiles
@: no status effects
A: demonic magic 2, demonic touch 1
a: no special abilities


You escaped.
You visited 1 branch of the dungeon, and saw 4 of its levels.

You collected 185 gold pieces.

Inventory:

Hand Weapons
 e - a +0 dagger (weapon)
Armour
 a - a +0 robe (worn)
 d - a +0 pair of gloves (worn)
 m - a +0 pair of boots (worn)
 u - a scarf of repulsion (worn)
Jewellery
 r - an amulet of regeneration (around neck)
 s - a ring of ice
Wands
 w - a wand of flame (42)
Scrolls
 c - 2 scrolls of teleportation {unknown}
 g - 3 scrolls of poison {unknown}
 i - 4 scrolls of identify {unknown}
 j - 2 scrolls of noise {unknown}
 l - 4 scrolls of enchant weapon {unknown}
 p - 2 scrolls of fear {unknown}
 x - a scroll of revelation {unknown}
 y - a scroll of enchant armour {unknown}
Potions
 b - a potion of magic
 f - 3 potions of degeneration {unknown}
 h - a potion of enlightenment {unknown}
 k - 2 potions of heal wounds {unknown}
 n - 2 potions of lignification {unknown}
 o - 3 potions of curing {unknown}
 q - a potion of brilliance {unknown}
 t - a potion of ambrosia {unknown}
 v - a potion of haste {unknown}
 z - a potion of cancellation {unknown}


   Skills:
 - Level 1.7 Dodging
 - Level 1.7 Stealth
 + Level 5.1 Spellcasting
 + Level 6.6 Conjurations


You had 13 spell levels left.
You knew the following spells:

 Your Spells              Type           Power      Damage    Failure   Level
a - Magic Dart            Conj           100%       1d8       1%          1
b - Searing Ray           Conj           66%        2d6       1%          2

Your spell library contained the following spells:

 Spells                   Type           Power      Damage    Failure   Level
 Dazzling Flash           Conj/Hex       38%        N/A       9%          3
 Slow                     Hex            20%        N/A       11%         1
 Mephitic Cloud           Conj/Pois/Air  14%        N/A       13%         3
 Call Imp                 Summ           10%        N/A       16%         2
 Ensorcelled Hibernation  Hex/Ice        10%        N/A       16%         2
 Passwall                 Tmut/Erth      4%         N/A       16%         2
 Sublimation of Blood     Necr           5%         N/A       16%         2
 Wereblood                Tmut           5%         N/A       16%         2
 Fulminant Prism          Conj/Hex       9%         3d7       26%         4
 Iskenderun's Mystic Bla  Conj/Tloc      19%        2d6       26%         4
 Confusing Touch          Hex            5%         N/A       32%         3
 Sigil of Binding         Hex            5%         N/A       32%         3
 Swiftness                Air            5%         N/A       32%         3
 Vampiric Draining        Necr           5%         2d6       32%         3
 Summon Hydra             Summ           2%         N/A       100%        7


Dungeon Overview and Level Annotations

Branches:
Dungeon (4/15)
 Temple: D:4-7

Altars:

Shops:
D:4 *


Innate Abilities, Weirdness & Mutations

Spells you cast may paralyse nearby enemies.
Your touch may inflict minor irresistible damage on your foes.


Message History

You now have 185 gold pieces (gained 8).
Things that are here:
a +0 club; a goblin corpse
z - a ruby potion
Things that are here:
a +0 dagger; a +0 sling Key pressed, stopping explore.
An adder comes into view.
Found 9 gold pieces.
The adder hisses angrily.
The magic dart hits the adder!
The adder is severely wounded.
Malevolent energies surge around you.
The magic dart hits the adder.
The adder is almost dead.
Malevolent energies surge around you.
The magic dart hits the adder but does no damage.
The adder is almost dead.
Malevolent energies surge around you. The adder bites you but does no damage.
The magic dart hits the adder.
You kill the adder!
Malevolent energies surge around you.
You have reached level 7!
Your demonic ancestry asserts itself...
Your hands begin to faintly glow with unholy energy.
There is a stone staircase leading up here.
You climb upwards.
There is a stone staircase leading down here.
Magic restored.
You see here a +0 kite shield.
There is an escape hatch in the ceiling here.
A mysterious force pulls you upwards. The hatch slams shut behind you.
You open the door.
There is an open door here.
You see here a +0 whip.
There is a stone staircase leading up here.
You climb upwards.
There is a stone staircase leading down here.
There is a staircase leading out of the dungeon here.
You have escaped!

#.# #...#.....#.#.#
#.# ###.###.###.#.#
#.# #...#.....#.#.#
#.# ###.#######.#.#.#
#.# #.....# #...#.#
#.# #.###.# ###.#.#
#.# #.#...# #.#.# #.#
#.#.##### ##.#.# #.#
#.#@#...# #..#.# #.#
#.###.#.#####.#.#
#.####.....#...#...#.#
#....###.###.#.#.###.#
####.....#...#...# #.#
#.#####.####### #.#
#.#####.# #.#
#.......# #.#
######### #.#


There were no monsters in sight!

Vanquished Creatures
  Edmund (D:4)
  A phantom (D:4)
  An orc priest (D:4)
  Natasha (thrice) (D:3)
  An orc wizard (D:4)
  4 gnolls (D:2)
  5 adders
  2 worms (D:2)
  2 dart slugs
  9 orcs
  9 ball pythons
  8 endoplasms
  A giant cockroach (D:2)
  7 goblins
  12 hobgoblins
  A jackal (D:2)
  4 kobolds
  4 quokkas
  4 bats
  5 frilled lizards
  7 rats
91 creatures vanquished.

Notes
Turn   | Place    | Note
-------+----------+-------------------------------------------
     0 | D:1      | Essalna the Demonspawn Conjurer began the quest for the
                  | Orb.
     0 | D:1      | Reached XP level 1. HP: 13/13 MP: 3/3
   415 | D:1      | Gained mutation: Spells you cast may paralyse adjacent
                  | enemies. [demonic ancestry]
   415 | D:1      | Reached XP level 2. HP: 19/19 MP: 1/5
  1053 | D:1      | Reached XP level 3. HP: 24/24 MP: 4/7
  1700 | D:2      | Found a faded altar of an unknown god.
  1865 | D:2      | Gained mutation: Spells you cast may paralyse nearby
                  | enemies. [demonic ancestry]
  1865 | D:2      | Reached XP level 4. HP: 30/30 MP: 1/8
  1931 | D:2      | Reached skill level 5 in Conjurations
  2746 | D:3      | Reached XP level 5. HP: 35/35 MP: 8/10
  2828 | D:3      | Learned a level 2 spell: Searing Ray
  3401 | D:3      | Noticed Natasha
  3407 | D:3      | Killed Natasha
  3469 | D:3      | Noticed Natasha
  3481 | D:3      | Killed Natasha
  3497 | D:3      | Noticed Natasha
  3502 | D:3      | Killed Natasha
  3816 | D:4      | Noticed Edmund
  3827 | D:4      | Killed Edmund
  3828 | D:4      | Reached skill level 6 in Conjurations
  3828 | D:4      | Reached XP level 6. HP: 35/41 MP: 0/12
  4190 | D:4      | Reached skill level 5 in Spellcasting
  4420 | D:4      | Found Ehyfer's Assorted Antiques.
  4564 | D:4      | Gained mutation: Your touch may inflict minor irresistible
                  | damage on your foes. [demonic ancestry]
  4564 | D:4      | Reached XP level 7. HP: 46/46 MP: 9/14
  4698 | D:$      | Got out of the dungeon alive.

Illustrated notes

Levels and vault maps discovered:
D:1:      elethiomel_arrival_maze, layout_basic, minmay_heptomino_l4
D:2:      layout_basic, hellmonk_ecumenical_altar_leap_of_faith,
          kennysheep_potato
D:3:      layout_loops_ring, uniq_natasha
D:4:      layout_cave_pods, serial_shops, kennysheep_mini, uniq_edmund

Skill      XL: |  1  2  3  4  5  6 |
---------------+-------------------+-----
Spellcasting   | 3 4 5 |  5.1
Conjurations   | 5 6 |  6.6
Dodging        | |  1.7
Stealth        | |  1.7

Action                     |  1- 3 |  4- 6 |  7- 9 || total
---------------------------+-------+-------+-------++-------
  Melee: Dagger            |    20 |    11 |       ||    31
   Cast: Magic Dart        |    77 |   101 |       ||   178
         Searing Ray       |       |     7 |       ||     7
   Stab: Paralysed         |     6 |     6 |       ||    12
 Armour: Robe              |    10 |    14 |       ||    24
  Dodge: Dodged            |    10 |    13 |       ||    23

Table legend: (Time is in decaauts)
 A = Elapsed time spent in this place.
 B = Non-inter-level travel time spent in this place.
 C = Inter-level travel time spent in this place.
 D = Time resting spent in this place.
 E = Time spent auto-exploring this place.
 F = Levels seen in this place.
 G = Mean time per level.
                   A        B        C        D        E       F      G
               +--------+--------+--------+--------+--------+-----+--------+
         Total |   4704 |   4495 |    209 |     89 |   3930 |   4 | 1176.0 |
       Dungeon |   4704 |   4495 |    209 |     89 |   3930 |   4 | 1176.0 |
               +--------+--------+--------+--------+--------+-----+--------+

Top non-repeatable levels by time:
     D:1: 1526 daAuts
     D:2: 1257 daAuts
     D:3: 1114 daAuts
     D:4: 806 daAuts
